 Dungeon Crawl Stone Soup version 0.20.0-7-g3b7b877 (webtiles) character file.

15514 MDvedh the Swashbuckler (level 12, -10/77 HPs)
             Began as a Kobold Berserker on May 29, 2017.
             Was a High Priest of Trog.
             Killed from afar by Nergalle (37 damage)
             ... with a bolt of negative energy
             ... on level 12 of the Dungeon.
             The game lasted 00:28:03 (13825 turns).

MDvedh the Swashbuckler (Kobold Berserker)         Turns: 13825, Time: 00:28:04

Health: -10/77     AC: 11    Str: 14    XL:     12   Next: 58%
Magic:  12/12      EV: 18    Int: 10    God:    Trog [*****.]
Gold:   430        SH:  0    Dex: 18    Spells: 11/11 levels left

rFire    . . .     SeeInvis .   l - -3 short sword (curse)
rCold    . . .     Gourm    .   (shield restricted)
rNeg     . . .     Faith    .   g - +0 ring mail
rPois    +         Spirit   .   i - +1 helmet
rElec    .         Reflect  .   (no cloak)
rCorr    .         Harm     .   (no gloves)
MR       .....                  (no boots)
Stlth    +.........             (no amulet)
Regen    0.3/turn               v - ring of poison resistance
MPRegen  0.2/turn               b - +4 ring of protection

@: berserk cooldown, slowed, heavily drained, very slow
A: carnivore 3
a: Berserk, Trog's Hand, Brothers in Arms, Burn Spellbooks, Renounce Religion


You were on level 12 of the Dungeon.
You worshipped Trog.
Trog was extremely pleased with you.
You were full.

You visited 1 branch of the dungeon, and saw 12 of its levels.

You collected 430 gold pieces.

Inventory:

Hand Weapons
 a - a +0 short sword
 l - a cursed -3 short sword (weapon)
 t - a +4 short sword of draining
 I - a +0 rapier
Missiles
 w - 27 sling bullets
Armour
 g - a +0 ring mail (worn)
 i - a +1 helmet (worn)
Jewellery
 b - a +4 ring of protection (right hand)
 o - an uncursed ring of see invisible
 v - a ring of poison resistance (left hand)
 D - an uncursed ring of ice
 F - a +3 ring of evasion {unknown}
Wands
 e - a wand of lightning (9/15)
 r - a wand of lightning (7/15)
 x - a wand of confusion (18/48)
 C - a wand of flame (24/48)
 J - a wand of polymorph (13/24)
Scrolls
 j - 6 scrolls of teleportation
 y - a scroll of enchant armour
 A - a scroll of identify
 E - a scroll of magic mapping
Potions
 d - a potion of haste
 f - a potion of curing
 h - a potion of might
 m - a potion of mutation
 n - a potion of resistance
 p - 2 potions of agility
 q - 3 potions of flight
 s - a potion of berserk rage
 u - a potion of brilliance
 z - a potion of lignification {unknown}
 B - a potion of magic {unknown}
 G - a potion of ambrosia {unknown}
 H - a potion of heal wounds {unknown}
Comestibles
 c - 4 meat rations
 k - 2 royal jellies


   Skills:
 * Level 10.0(7.6) Fighting
 - Level 17.8(14.9) Short Blades
 + Level 5.1(2.9) Armour
 * Level 10.1(7.7) Dodging


You had 11 spell levels left.
You didn't know any spells.

Dungeon Overview and Level Annotations

Branches:
Dungeon (12/15)            Temple (0/1) D:4            Lair (0/6) D:9
    Orc: D:9-12

Altars:
Ashenzari
Dithmenos
Elyvilon
Fedhas
Makhleb
Nemelex Xobeh
Okawaru
Ru
Trog
Vehumet
Yredelemnul
Zin
The Shining One

Annotations:
D:12 Nergalle


Innate Abilities, Weirdness & Mutations

You are small and have problems with some larger weapons.
You are carnivorous and can eat meat at any time.


Message History

Orcish apparitions take form around you.
The spectral orc warrior completely misses you.
The spectral orc knight closely misses you.
Unknown command.
Unknown command.
Evoke which item? (* to show all) (? for menu, Esc to quit)
Aiming: Lightning Bolt (will waste charges)
Press: ? - help, Shift-Dir - straight line You hear a mighty clap of thunder!
The bolt of lightning misses Nergalle.
The bolt of lightning hits the acid dragon.
The acid dragon is almost dead.
Evoking this partially-identified wand wasted a few charges.
Nergalle barely misses you.
The spectral orc warrior hits you from afar with a halberd!
You feel drained.
The spectral orc knight completely misses you.
Nergalle points at you and mumbles some strange words.
The bolt of negative energy hits you!
You feel drained.
You die...

...#. #.#
.#.#.###.#########
................>#
.....#.#.#.###.### ..
#.....<.# #.#
#.##.#.#.#####.#######.
#..#...................
...#...#.#####Z########
...#...#.# #ZZ@oD..#
.......#.# #######.#
.......#.# ..#....#.#
..##...#.# ..##...#.#
..#....#.# ..#.#.)#.#
..#.#..#.# #


You could see Nergalle, a spectral orc, a spectral orc warrior, a spectral orc
knight and an acid dragon.

Vanquished Creatures
  Fannar (D:11)
  A centaur warrior (D:11)
  5 two-headed ogres
  The ghost of mopl the Arsonist, a novice DEFE (D:10)
  2 ugly things (D:11)
  A cyclops (D:11)
  Joseph (D:8)
  3 centaur zombies
  The ghost of mopl the Arsonist, a novice DEFE of Vehumet (D:7)
  A komodo dragon (D:12)
  3 trolls (D:11)
  A hornet (D:10)
  A hippogriff (D:11)
  A wraith (D:11)
  2 shadows (D:11)
  3 yaks (D:10)
  2 steam dragons (D:5)
  Grum (D:11)
  6 orc warriors
  6 ice beasts
  2 black bears
  2 phantoms (D:4)
  A necrophage (D:7)
  2 centaurs
  4 ogres
  3 wolves (D:11)
  The ghost of mopl the Firebug, an amateur DEFE (D:3)
  A gnoll sergeant (D:7)
  4 bullfrogs
  2 scorpions
  5 killer bees (D:7)
  2 howler monkeys
  9 crimson imps
  A quasit (D:7)
  2 bullfrog zombies
  A jelly (D:7)
  11 hounds
  A bullfrog skeleton (D:7)
  7 orc priests
  A centaur skeleton (D:10)
  9 orc wizards
  3 iguanas
  4 worker ants
  A hound zombie (D:6)
  2 hound skeletons
  9 gnolls
  12 adders
  A howler monkey skeleton (D:8)
  A shadow imp (D:8)
  3 oozes
  2 adder skeletons
  An adder zombie (D:8)
  7 worms
  2 dart slugs (D:2)
  6 leopard geckos
  47 orcs
  8 bats
  6 giant cockroaches
  4 goblins
  13 hobgoblins
  13 jackals
  6 quokkas
  4 ball pythons
  7 frilled lizards
  9 kobolds
  A quokka zombie (D:9)
  7 rats
  A spectral orc (D:4)
294 creatures vanquished.

Vanquished Creatures (collateral kills)
  A wyvern (D:10)
  A hungry ghost (D:10)
  2 vampire mosquitoes (D:12)
  A sky beast (D:12)
5 creatures vanquished.

Vanquished Creatures (others)
  2 fungi (D:5)
2 creatures vanquished.

Grand Total: 301 creatures vanquished

Notes
Turn   | Place    | Note
-------+----------+-------------------------------------------
     0 | D:1      | MDvedh the Kobold Berserker began the quest for the Orb.
     0 | D:1      | Reached XP level 1. HP: 14/14 MP: 1/1
   221 | D:1      | Reached XP level 2. HP: 18/19 MP: 2/2
   279 | D:1      | Reached skill level 5 in Short Blades
   472 | D:1      | Reached XP level 3. HP: 22/23 MP: 3/3
   748 | D:1      | Reached ** piety under Trog
   935 | D:2      | Reached skill level 6 in Short Blades
   937 | D:2      | Reached XP level 4. HP: 28/28 MP: 4/4
  1363 | D:2      | Reached skill level 7 in Short Blades
  1363 | D:2      | Reached XP level 5. HP: 30/32 MP: 5/5
  1749 | D:2      | Reached skill level 8 in Short Blades
  1876 | D:3      | Found a glowing golden altar of the Shining One.
  2259 | D:3      | Noticed mopl's ghost (amateur DEFE)
  2267 | D:3      | Killed mopl's ghost
  2267 | D:3      | Reached XP level 6. HP: 37/37 MP: 6/6
  2447 | D:3      | Reached *** piety under Trog
  2638 | D:3      | Reached skill level 9 in Short Blades
  3181 | D:4      | Found a basalt altar of Yredelemnul.
  3286 | D:4      | Noticed a phantom
  3298 | D:4      | Received a gift from Trog
  3303 | D:4      | Reached XP level 7. HP: 41/41 MP: 7/7
  3313 | D:4      | Reached skill level 10 in Short Blades
  3364 | D:4      | Found a staircase to the Ecumenical Temple.
  3561 | D:4      | Found a shadowy altar of Dithmenos.
  3593 | D:4      | Reached skill level 11 in Short Blades
  3726 | D:5      | Entered Level 5 of the Dungeon
  3781 | D:5      | Reached XP level 8. HP: 42/46 MP: 8/8
  4359 | D:5      | Reached skill level 12 in Short Blades
  4950 | D:6      | Found a radiant altar of Vehumet.
  5478 | D:7      | Reached skill level 13 in Short Blades
  5502 | D:7      | Noticed mopl's ghost (novice DEFE)
  5598 | D:7      | Reached XP level 9. HP: 51/51 MP: 9/9
  5612 | D:7      | Reached skill level 14 in Short Blades
  5824 | D:7      | Killed mopl's ghost
  5833 | D:7      | Reached skill level 15 in Short Blades
  6205 | D:7      | Reached **** piety under Trog
  6707 | D:7      | Found a sacrificial altar of Ru.
  7010 | D:7      | Reached skill level 16 in Short Blades
  7324 | D:7      | Found a sparkling altar of Nemelex Xobeh.
  7510 | D:8      | Found a blossoming altar of Fedhas.
  7569 | D:8      | Reached XP level 10. HP: 54/56 MP: 10/10
  7578 | D:8      | Found an iron altar of Okawaru.
  7637 | D:8      | Noticed a two-headed ogre
  7651 | D:8      | Killed a two-headed ogre
  7651 | D:8      | Reached skill level 17 in Short Blades
  7893 | D:8      | Noticed a two-headed ogre
  7916 | D:8      | Killed a two-headed ogre
  8148 | D:8      | Found a white marble altar of Elyvilon.
  8347 | D:8      | Noticed Joseph
  8393 | D:8      | Killed Joseph
  8664 | D:8      | Found a sparkling altar of Nemelex Xobeh.
  8678 | D:8      | Found a bloodstained altar of Trog.
  9302 | D:9      | Reached skill level 5 in Fighting
  9302 | D:9      | Reached XP level 11. HP: 23/64 MP: 11/11
  9537 | D:9      | Noticed a two-headed ogre
  9551 | D:9      | Killed a two-headed ogre
  9551 | D:9      | Reached skill level 5 in Dodging
  9707 | D:9      | Found a burning altar of Makhleb.
  9732 | D:9      | Found a glowing silver altar of Zin.
  9732 | D:9      | Noticed an angel
  9732 | D:9      | Noticed a blizzard demon
  9899 | D:9      | Reached ***** piety under Trog
  9912 | D:9      | Found a shattered altar of Ashenzari.
 10101 | D:9      | Found a staircase to the Lair.
 10192 | D:10     | Entered Level 10 of the Dungeon
 10192 | D:10     | Noticed a two-headed ogre
 10214 | D:10     | Noticed mopl's ghost (novice DEFE)
 10215 | D:10     | Killed a two-headed ogre
 10719 | D:10     | Identified a scroll of acquirement
 10780 | D:10     | Killed mopl's ghost
 11113 | D:10     | Noticed a two-headed ogre
 11134 | D:10     | Killed a two-headed ogre
 11653 | D:11     | Noticed a brown ugly thing
 11671 | D:11     | Killed a brown ugly thing
 11759 | D:11     | Noticed a brown ugly thing
 11787 | D:11     | Killed a brown ugly thing
 11787 | D:11     | Reached XP level 12. HP: 75/75 MP: 12/12
 11930 | D:11     | Noticed a centaur warrior
 11949 | D:11     | Killed a centaur warrior
 12198 | D:11     | Noticed Fannar
 12230 | D:11     | Killed Fannar
 12867 | D:11     | Noticed Grum
 12877 | D:11     | Killed Grum
 13068 | D:11     | Received a gift from Trog
 13165 | D:11     | Reached skill level 5 in Armour
 13234 | D:11     | Reached skill level 10 in Dodging
 13580 | D:12     | Reached skill level 10 in Fighting
 13790 | D:12     | Noticed Nergalle
 13825 | D:12     | Killed from afar by Nergalle

Skill      XL: |  1  2  3  4  5  6  7  8  9 10 11 12 |
---------------+-------------------------------------+-----
Short Blades   | 5 6 7 8 9 11 13 16 17 | 17.8
Fighting       | 5 8 10 | 10.0
Dodging        | 4 8 10 | 10.1
Armour         | 2 4 5 |  5.1

Action                   |  1- 3 |  4- 6 |  7- 9 | 10-12 || total
-------------------------+-------+-------+-------+-------++-------
Melee: Short sword       |    96 |   316 |   722 |  1321 ||  2455
Invok: Berserk           |     2 |     5 |    15 |    34 ||    56
       Trog's Hand       |       |       |     3 |     2 ||     5
       Burn Spellbooks   |       |       |       |     1 ||     1
       Brothers in Arms  |       |       |       |     2 ||     2
Evoke: Wand              |       |       |       |     2 ||     2
  Use: Scroll            |       |       |    16 |     8 ||    24
  Eat: Chunk             |     6 |    12 |    21 |    41 ||    80
       Meat ration       |       |       |     1 |     2 ||     3
Armor: Animal skin       |     9 |       |       |       ||     9
       Ring mail         |     9 |    59 |   135 |   202 ||   405
Dodge: Dodged            |    81 |   169 |   295 |   549 ||  1094
